 Dungeon Crawl Stone Soup version 0.17.0-24-gcfadda4 (webtiles) character file.

87 Sorcv the Vexing (level 4, 0/30 HPs)
             Began as a Mummy Enchanter on Nov 15, 2015.
             Slain by an orc priest (6 damage)
             ... on level 3 of the Dungeon.
             The game lasted 00:03:04 (1021 turns).

Sorcv the Vexing (Mummy Enchanter)                  Turns: 1021, Time: 00:03:04

Health: 0/30       AC:  3    Str: 11    XL:     4   Next: 28%
Magic:  1/7        EV: 12    Int: 14    God:
Gold:   58         SH:  0    Dex: 13    Spells: 3 memorised, 1 level left

rFire  x . .     SeeInvis .     h - +2 dagger (drain)
rCold  + . .     Clarity  .     b - +1 robe
rNeg   + + +     SustAt   .     (no shield)
rPois  ∞         Gourm    .     (no helmet)
rElec  .         Spirit   .     (no cloak)
rCorr  .         Warding  .     (no gloves)
rMut   .         Stasis   .     (no boots)
MR     .....                    (no amulet)
Stlth  ++........               (no ring)
                                (no ring)

@: very slightly contaminated, not resistant to hostile enchantments, unstealthy
A: no food or potions, fire vulnerability, cold resistance 1, negative energy
resistance 3, torment resistance, unbreathing
a: no special abilities


You were on level 3 of the Dungeon.
You were not hungry.

You visited 1 branch of the dungeon, and saw 3 of its levels.

You collected 58 gold pieces.

Inventory:

Hand Weapons
 a - a +1 dagger
 e - a +2 dagger of venom
 h - a +2 dagger of draining (weapon)
Armour
 b - a +1 robe (worn)
Scrolls
 d - a scroll of magic mapping {unknown}
 f - 4 scrolls of remove curse {unknown}
 g - 4 scrolls of identify {unknown}
 i - a scroll of immolation {unknown}
Books
 c - a book of Maledictions

   Spells                             Type                      Level
   a - Corona                         Hexes                        1
   b - Ensorcelled Hibernation        Hexes/Ice                    2
   c - Confuse                        Hexes                        3
   d - Tukima's Dance                 Hexes                        3
   e - Dazzling Spray                 Conjuration/Hexes            3


   Skills:
 - Level 0.7 Short Blades
 - Level 1.5 Dodging
 * Level 3.0 Stealth
 - Level 2.0 Spellcasting
 + Level 4.2 Hexes


You had one spell level left.
You knew the following spells:

 Your Spells              Type           Power        Failure   Level  Hunger
a - Corona                Hex            ##.....      4%          1    N/A
b - Ensorcelled Hibernat  Hex/Ice        #.....       17%         2    N/A
c - Confuse               Hex            ##......     14%         3    N/A

Dungeon Overview and Level Annotations

Branches:
Dungeon (3/15)

Altars:
Nemelex Xobeh


Innate Abilities, Weirdness & Mutations

You do not eat or drink.
Your flesh is vulnerable to fire.
You are immune to poison.
Your flesh is cold resistant.
You are immune to negative energy.
You are immune to unholy pain and torment.
You can survive without breathing.


Message History

Confirm with . or Enter, or press ? or * to list all spells.
Aiming: Ensorcelled Hibernation
Press: ? - help, Shift-Dir - straight line, f/p - orc priest
Aim: an orc priest (chance to defeat MR: 38%)
The orc priest resists with some effort.
The orc priest hits you.
* * * LOW HITPOINT WARNING * * *
Casting: Ensorcelled Hibernation
Confirm with . or Enter, or press ? or * to list all spells.
Aiming: Ensorcelled Hibernation
Press: ? - help, Shift-Dir - straight line, f/p - orc priest
Aim: an orc priest (chance to defeat MR: 38%)
You miscast Ensorcelled Hibernation.
You are very lightly contaminated with residual magic.
The light around you dims momentarily. The orc priest closely misses you.
You barely miss the orc priest. The orc priest closely misses you.
You hit the orc priest.
The orc priest is lightly wounded.
The orc priest hits you.
You die...

.......# .......# ..
#......########.. ##
#.>............. ..
#....#.#...###.# .#
.#.###.'.....#.# .# #
###.......# .#
#####.......###.##.###
<......(......@oZ......
....#.....((.####.#.###
### #.###....# ..
#........# .#
#..####### # #. #


You could see an orc priest and an adder skeleton.

Vanquished Creatures
  5 adders (D:2)
  A worm (D:2)
  4 giant geckos
  2 orcs (D:3)
  2 giant cockroaches (D:1)
  A hobgoblin (D:2)
  A ball python (D:2)
  5 bats
  8 goblins
  5 rats
34 creatures vanquished.

Notes
Turn   | Place    | Note
--------------------------------------------------------------
     0 | D:1      | Sorcv the Mummy Enchanter began the quest for the Orb.
     0 | D:1      | Reached XP level 1. HP: 13/13 MP: 3/3
   143 | D:1      | Reached skill level 3 in Hexes
   190 | D:1      | Reached XP level 2. HP: 14/19 MP: 5/5
   458 | D:2      | Reached XP level 3. HP: 24/24 MP: 6/6
   479 | D:2      | Reached skill level 4 in Hexes
   629 | D:2      | Reached XP level 4. HP: 16/30 MP: 7/7
   640 | D:2      | Learned a level 2 spell: Ensorcelled Hibernation
   644 | D:2      | Learned a level 3 spell: Confuse
   715 | D:2      | Found a sparkling altar of Nemelex Xobeh.
  1021 | D:3      | Slain by an orc priest

Action                   |  1- 3 |  4- 6 || total
-------------------------+-------+-------++-------
Melee: Dagger            |    63 |    30 ||    93
 Cast: Ensorcelled Hiber |       |     2 ||     2
 Stab: Sleeping          |     6 |       ||     6
